[ AOE2 MATCH · #467428671 ]
Team RMPersians vs Franks
[ REPLAY ANALYSIS · EXTRACTED FROM THE RECORDED GAME ]
Feudal
10:33
Castle
19:43
Imperial
35:29
| APM avg | 18.0 |
| APM peak | 42 |
| eAPM avg | 11.2 |
| Villagers / military | 107 / 76 |
Focus
⚔️ 26.3% · 🌾 73.7%
Archer ×36 · Spearman ×26 · War Elephant ×9 · Camel Scout ×3 · Cavalry Archer ×2
Feudal
10:56
Castle
15:27
Imperial
30:55
| APM avg | 19.3 |
| APM peak | 43 |
| eAPM avg | 9.0 |
| Villagers / military | 76 / 51 |
Focus
⚔️ 28.1% · 🌾 71.9%
Scout Cavalry ×20 · Tarkan ×17 · Knight ×7 · Trebuchet (Packed) ×3 · Spearman ×2 · Monk ×1
Feudal
9:52
Castle
16:59
Imperial
34:42
| APM avg | 12.6 |
| APM peak | 40 |
| eAPM avg | 10.3 |
| Villagers / military | 93 / 43 |
Focus
⚔️ 25.6% · 🌾 74.4%
Throwing Axeman ×29 · Knight ×13 · Trade Cart ×3 · Monk ×1
Feudal
11:35
Castle
24:15
Imperial
38:03
| APM avg | 15.8 |
| APM peak | 41 |
| eAPM avg | 9.7 |
| Villagers / military | 89 / 54 |
Focus
⚔️ 27.8% · 🌾 72.2%
Spearman ×26 · Knight ×25 · War Elephant ×2 · Monk ×1
Match map
Initial resources + every placement click. Lines = walls · curves = elevation contours. ◆ gold · ⬟ stone · ● berries · ✦ relic · ◌ wall gap
Your base· Open — 12t gap
Thognar's base· Open — unwalled flank
iBenj's base· Open — unwalled flank
Steven's base· Open — 4t gap
Smoothed initial terrain · ◌ = detected wall gap · hover for details
Inputs per minute
— Glorfinda - - Thognar
Build order — Glorfinda
First 150 of 325 actions detected
| 0:06 | Build | House |
| 0:16 | Create | Villager (Male) |
| 0:16 | Create | Villager (Male) |
| 0:16 | Create | Villager (Male) |
| 0:17 | Create | Villager (Male) |
| 0:17 | Create | Villager (Male) |
| 0:17 | Create | Villager (Male) |
| 0:46 | Build | House |
| 0:48 | Build | House |
| 0:49 | Build | House |
| 1:34 | Create | Villager (Male) |
| 2:22 | Build | Lumber Camp |
| 2:25 | Create | Villager (Male) |
| 2:51 | Create | Villager (Male) |
| 3:03 | Create | Villager (Male) |
| 3:35 | Create | Villager (Male) |
| 3:35 | Create | Villager (Male) |
| 4:07 | Create | Villager (Male) |
| 4:07 | Create | Villager (Male) |
| 4:29 | Research | Loom |
| 5:03 | Create | Villager (Male) |
| 5:04 | Create | Villager (Male) |
| 5:30 | Build | Mill |
| 6:30 | Create | Villager (Male) |
| 6:30 | Create | Villager (Male) |
| 6:39 | Create | Villager (Male) |
| 6:40 | Create | Villager (Male) |
| 7:54 | Create | Villager (Male) |
| 8:28 | Research | Feudal Age |
| 9:14 | Create | Villager (Male) |
| 9:14 | Create | Villager (Male) |
| 10:20 | Build | House |
| 10:22 | Build | House |
| 10:33 | Age | Feudal Age |
| 10:34 | Research | Horse Collar |
| 10:35 | Research | Double-Bit Axe |
| 10:37 | Create | Villager (Male) |
| 10:37 | Create | Villager (Male) |
| 11:00 | Build | Mining Camp |
| 11:05 | Create | Villager (Male) |
| 11:16 | Build | Farm |
| 11:17 | Build | Farm |
| 11:18 | Build | Farm |
| 11:20 | Build | Farm |
| 11:23 | Build | Farm |
| 11:25 | Build | Farm |
| 12:15 | Create | Villager (Male) |
| 12:15 | Create | Villager (Male) |
| 12:53 | Build | Farm |
| 12:55 | Create | Villager (Male) |
| 12:55 | Create | Villager (Male) |
| 12:56 | Create | Villager (Male) |
| 13:15 | Build | Farm |
| 13:55 | Create | Villager (Male) |
| 13:56 | Create | Villager (Male) |
| 14:05 | Build | Barracks |
| 14:49 | Create | Villager (Male) |
| 14:49 | Create | Villager (Male) |
| 15:16 | Build | Archery Range |
| 15:33 | Build | Farm |
| 15:49 | Build | House |
| 15:52 | Build | House |
| 15:54 | Build | House |
| 16:15 | Build | Stable |
| 16:23 | Research | Gold Mining |
| 17:18 | Research | Castle Age |
| 17:26 | Build | Blacksmith |
| 18:05 | Create | Archer |
| 18:05 | Create | Archer |
| 18:18 | Build | Farm |
| 18:26 | Create | Villager (Male) |
| 18:26 | Create | Villager (Male) |
| 18:31 | Build | House |
| 18:32 | Build | House |
| 18:33 | Build | House |
| 18:58 | Create | Archer |
| 19:05 | Build | House |
| 19:07 | Build | House |
| 19:08 | Build | House |
| 19:14 | Create | Archer |
| 19:16 | Research | Fletching |
| 19:17 | Research | Padded Archer Armor |
| 19:18 | Research | Scale Barding Armor |
| 19:19 | Research | Forging |
| 19:20 | Research | Scale Mail Armor |
| 19:27 | Build | Farm |
| 19:29 | Build | Farm |
| 19:31 | Build | Farm |
| 19:33 | Build | Farm |
| 19:41 | Create | Villager (Male) |
| 19:41 | Create | Villager (Male) |
| 19:43 | Age | Castle Age |
| 20:12 | Build | Lumber Camp |
| 20:17 | Create | Villager (Male) |
| 20:25 | Build | House |
| 20:27 | Build | House |
| 20:31 | Build | House |
| 20:37 | Create | Villager (Male) |
| 20:37 | Create | Villager (Male) |
| 21:39 | Build | Town Center |
| 21:47 | Create | Villager (Male) |
| 21:53 | Research | Crossbowman (upgrade) |
| 22:08 | Create | Cavalry Archer |
| 22:08 | Create | Cavalry Archer |
| 22:11 | Research | Chain Barding Armor |
| 22:23 | Create | Villager (Male) |
| 22:23 | Create | Villager (Male) |
| 22:24 | Create | Villager (Male) |
| 23:06 | Build | House |
| 23:07 | Build | House |
| 23:23 | Create | Villager (Male) |
| 23:27 | Research | Thumb Ring |
| 23:32 | Create | Spearman |
| 23:33 | Research | Pikeman (upgrade) |
| 23:48 | Create | Villager (Male) |
| 23:48 | Create | Villager (Male) |
| 23:59 | Create | Villager (Male) |
| 24:12 | Build | Farm |
| 24:17 | Create | Villager (Male) |
| 24:18 | Create | Villager (Male) |
| 24:26 | Build | House |
| 24:28 | Build | House |
| 24:31 | Build | House |
| 24:59 | Build | Town Center |
| 25:05 | Build | Farm |
| 25:13 | Build | Farm |
| 25:18 | Create | Villager (Male) |
| 25:18 | Create | Villager (Male) |
| 25:19 | Create | Villager (Male) |
| 25:24 | Create | Villager (Male) |
| 25:25 | Create | Villager (Male) |
| 25:55 | Research | Heavy Plow |
| 26:00 | Create | Villager (Male) |
| 26:30 | Build | House |
| 26:36 | Create | Villager (Male) |
| 26:37 | Create | Villager (Male) |
| 26:48 | Create | Villager (Male) |
| 26:48 | Create | Villager (Male) |
| 26:49 | Create | Villager (Male) |
| 26:57 | Create | Villager (Male) |
| 27:19 | Build | Castle |
| 27:26 | Create | Camel Scout |
| 27:26 | Create | Camel Scout |
| 27:27 | Create | Camel Scout |
| 27:33 | Build | House |
| 27:43 | Create | Villager (Male) |
| 27:44 | Create | Villager (Male) |
| 27:56 | Create | Villager (Male) |
| 27:56 | Create | Villager (Male) |
| 27:56 | Create | Villager (Male) |
Build order — Thognar
First 150 of 195 actions detected
| 0:04 | Create | Villager (Male) |
| 0:05 | Create | Villager (Male) |
| 0:05 | Create | Villager (Male) |
| 0:05 | Create | Villager (Male) |
| 1:36 | Create | Villager (Male) |
| 2:05 | Create | Villager (Male) |
| 2:12 | Build | Lumber Camp |
| 2:24 | Create | Villager (Male) |
| 2:46 | Create | Villager (Male) |
| 3:07 | Create | Villager (Male) |
| 3:38 | Create | Villager (Male) |
| 3:53 | Create | Villager (Male) |
| 4:18 | Build | Mill |
| 4:41 | Create | Villager (Male) |
| 4:59 | Create | Villager (Male) |
| 5:30 | Create | Villager (Male) |
| 5:42 | Create | Villager (Male) |
| 6:19 | Create | Villager (Male) |
| 6:42 | Create | Villager (Male) |
| 7:18 | Research | Loom |
| 7:43 | Create | Villager (Male) |
| 8:09 | Create | Villager (Male) |
| 8:14 | Build | Mining Camp |
| 8:46 | Research | Feudal Age |
| 9:56 | Build | Barracks |
| 10:46 | Create | Villager (Male) |
| 10:56 | Age | Feudal Age |
| 11:04 | Build | Blacksmith |
| 11:09 | Build | Stable |
| 11:20 | Create | Villager (Male) |
| 11:52 | Create | Villager (Male) |
| 12:22 | Create | Villager (Male) |
| 12:42 | Research | Castle Age |
| 13:12 | Build | Lumber Camp |
| 13:18 | Research | Horse Collar |
| 13:21 | Build | Farm |
| 13:28 | Research | Double-Bit Axe |
| 14:25 | Create | Scout Cavalry |
| 14:34 | Create | Spearman |
| 14:40 | Create | Villager (Male) |
| 15:06 | Create | Spearman |
| 15:27 | Age | Castle Age |
| 15:49 | Build | Town Center |
| 15:58 | Create | Villager (Male) |
| 16:13 | Research | Light Cavalry (upgrade) |
| 16:19 | Create | Villager (Male) |
| 16:41 | Build | Farm |
| 16:47 | Build | Farm |
| 16:51 | Build | Farm |
| 16:56 | Build | Farm |
| 17:03 | Build | Farm |
| 17:06 | Build | Farm |
| 17:09 | Build | Farm |
| 17:13 | Build | Farm |
| 17:15 | Create | Villager (Male) |
| 17:26 | Build | Farm |
| 17:30 | Create | Villager (Male) |
| 17:50 | Create | Villager (Male) |
| 17:59 | Build | Farm |
| 18:05 | Build | Farm |
| 18:07 | Build | Farm |
| 18:10 | Create | Villager (Male) |
| 18:18 | Create | Villager (Male) |
| 18:23 | Build | Farm |
| 18:37 | Create | Knight |
| 18:48 | Create | Villager (Male) |
| 18:54 | Build | Farm |
| 19:13 | Create | Villager (Male) |
| 19:14 | Create | Villager (Male) |
| 19:19 | Build | Farm |
| 19:32 | Create | Villager (Male) |
| 19:33 | Create | Villager (Male) |
| 19:45 | Create | Knight |
| 19:59 | Create | Villager (Male) |
| 20:04 | Create | Villager (Male) |
| 20:15 | Build | Farm |
| 20:20 | Create | Knight |
| 20:39 | Research | Heavy Plow |
| 20:45 | Create | Villager (Male) |
| 20:57 | Create | Villager (Male) |
| 21:21 | Build | Town Center |
| 21:31 | Create | Villager (Male) |
| 21:34 | Research | Town Watch |
| 21:48 | Create | Knight |
| 21:54 | Create | Villager (Male) |
| 21:55 | Create | Villager (Male) |
| 22:21 | Research | Wheelbarrow |
| 22:25 | Create | Villager (Male) |
| 22:40 | Create | Knight |
| 22:48 | Create | Villager (Male) |
| 22:53 | Create | Villager (Male) |
| 23:22 | Create | Villager (Male) |
| 23:28 | Create | Villager (Male) |
| 24:18 | Build | Castle |
| 24:21 | Create | Villager (Male) |
| 24:24 | Research | Hand Cart |
| 24:26 | Create | Villager (Male) |
| 24:32 | Create | Knight |
| 24:47 | Create | Villager (Male) |
| 24:54 | Build | Farm |
| 25:03 | Create | Villager (Male) |
| 25:14 | Create | Villager (Male) |
| 25:17 | Build | Farm |
| 25:24 | Build | Farm |
| 25:35 | Create | Villager (Male) |
| 25:38 | Create | Villager (Male) |
| 25:43 | Create | Knight |
| 26:00 | Create | Villager (Male) |
| 26:14 | Build | Mining Camp |
| 26:26 | Create | Tarkan |
| 26:44 | Build | Farm |
| 26:45 | Build | Farm |
| 26:45 | Build | Farm |
| 26:46 | Build | Farm |
| 26:47 | Build | Farm |
| 26:48 | Build | Farm |
| 27:02 | Create | Tarkan |
| 27:03 | Create | Tarkan |
| 27:27 | Create | Tarkan |
| 27:29 | Research | Scale Barding Armor |
| 27:45 | Research | Imperial Age |
| 27:59 | Create | Tarkan |
| 28:00 | Create | Tarkan |
| 28:18 | Build | Monastery |
| 28:25 | Create | Tarkan |
| 28:27 | Research | Chain Barding Armor |
| 28:47 | Create | Tarkan |
| 28:51 | Create | Scout Cavalry |
| 28:51 | Create | Scout Cavalry |
| 29:27 | Create | Tarkan |
| 29:33 | Create | Villager (Male) |
| 29:44 | Build | Farm |
| 29:51 | Create | Monk |
| 29:55 | Build | Stable |
| 30:18 | Research | Bloodlines |
| 30:19 | Research | Husbandry |
| 30:22 | Research | Forging |
| 30:23 | Create | Tarkan |
| 30:24 | Create | Tarkan |
| 30:43 | Create | Tarkan |
| 30:46 | Create | Villager (Male) |
| 30:46 | Create | Villager (Male) |
| 30:52 | Create | Villager (Male) |
| 30:52 | Create | Villager (Male) |
| 30:55 | Age | Imperial Age |
| 31:00 | Build | Siege Workshop |
| 31:03 | Create | Scout Cavalry |
| 31:24 | Research | Marauders |
| 31:42 | Create | Villager (Male) |
| 31:42 | Create | Villager (Male) |
Build order — iBenj
First 150 of 232 actions detected
| 0:03 | Build | House |
| 0:05 | Build | House |
| 0:06 | Create | Villager (Male) |
| 0:06 | Create | Villager (Male) |
| 0:06 | Create | Villager (Male) |
| 0:06 | Create | Villager (Male) |
| 0:07 | Create | Villager (Male) |
| 0:07 | Create | Villager (Male) |
| 1:29 | Create | Villager (Male) |
| 2:03 | Create | Villager (Male) |
| 2:44 | Create | Villager (Male) |
| 3:21 | Create | Villager (Male) |
| 3:21 | Create | Villager (Male) |
| 3:30 | Build | House |
| 3:32 | Build | House |
| 3:50 | Build | Mill |
| 4:05 | Create | Villager (Male) |
| 4:06 | Create | Villager (Male) |
| 4:53 | Create | Villager (Male) |
| 5:37 | Create | Villager (Male) |
| 5:37 | Create | Villager (Male) |
| 5:40 | Create | Villager (Male) |
| 5:40 | Create | Villager (Male) |
| 5:41 | Create | Villager (Male) |
| 6:10 | Build | Lumber Camp |
| 7:19 | Research | Feudal Age |
| 8:02 | Build | House |
| 8:08 | Build | House |
| 9:14 | Create | Villager (Male) |
| 9:15 | Create | Villager (Male) |
| 9:15 | Create | Villager (Male) |
| 9:15 | Create | Villager (Male) |
| 9:16 | Create | Villager (Male) |
| 9:16 | Create | Villager (Male) |
| 9:52 | Age | Feudal Age |
| 9:53 | Research | Double-Bit Axe |
| 10:06 | Create | Villager (Male) |
| 10:25 | Build | Mining Camp |
| 10:59 | Build | Mill |
| 12:13 | Build | Market |
| 12:36 | Build | Palisade Wall |
| 13:07 | Build | Blacksmith |
| 13:15 | Create | Villager (Male) |
| 13:33 | Build | Farm |
| 13:42 | Build | Mill |
| 13:48 | Create | Villager (Male) |
| 13:59 | Build | Farm |
| 14:19 | Research | Castle Age |
| 15:02 | Build | Barracks |
| 15:34 | Build | House |
| 15:39 | Build | House |
| 15:46 | Build | Palisade Wall |
| 15:51 | Build | Palisade Wall |
| 15:54 | Build | Palisade Wall |
| 16:18 | Build | Farm |
| 16:23 | Build | Farm |
| 16:31 | Create | Villager (Male) |
| 16:31 | Create | Villager (Male) |
| 16:32 | Create | Villager (Male) |
| 16:32 | Create | Villager (Male) |
| 16:32 | Create | Villager (Male) |
| 16:59 | Age | Castle Age |
| 17:38 | Build | Town Center |
| 17:51 | Create | Villager (Male) |
| 18:33 | Build | Palisade Wall |
| 18:36 | Build | Palisade Wall |
| 19:30 | Build | Castle |
| 19:48 | Create | Villager (Male) |
| 19:49 | Create | Villager (Male) |
| 19:49 | Create | Villager (Male) |
| 19:49 | Create | Villager (Male) |
| 19:58 | Create | Villager (Male) |
| 19:59 | Create | Villager (Male) |
| 19:59 | Create | Villager (Male) |
| 20:03 | Build | Farm |
| 20:03 | Build | Farm |
| 20:11 | Build | Farm |
| 20:19 | Build | Farm |
| 20:32 | Create | Villager (Male) |
| 20:32 | Create | Villager (Male) |
| 20:32 | Create | Villager (Male) |
| 20:51 | Build | Palisade Gate |
| 20:56 | Build | Palisade Wall |
| 20:58 | Build | Palisade Wall |
| 21:05 | Build | Palisade Wall |
| 21:15 | Create | Throwing Axeman |
| 21:16 | Create | Throwing Axeman |
| 22:22 | Build | Monastery |
| 22:55 | Build | Town Center |
| 23:00 | Create | Monk |
| 23:08 | Research | Loom |
| 23:11 | Create | Villager (Male) |
| 23:11 | Create | Villager (Male) |
| 23:11 | Create | Villager (Male) |
| 23:12 | Create | Villager (Male) |
| 23:21 | Build | House |
| 23:24 | Build | House |
| 23:30 | Build | Palisade Wall |
| 23:34 | Build | Palisade Wall |
| 23:59 | Build | Palisade Wall |
| 24:03 | Build | Farm |
| 24:41 | Create | Trade Cart |
| 24:41 | Create | Trade Cart |
| 24:58 | Build | Stable |
| 25:04 | Create | Villager (Male) |
| 25:04 | Create | Villager (Male) |
| 25:04 | Create | Villager (Male) |
| 25:04 | Create | Villager (Male) |
| 25:04 | Create | Villager (Male) |
| 25:05 | Create | Villager (Male) |
| 25:34 | Create | Villager (Male) |
| 25:34 | Create | Villager (Male) |
| 25:34 | Create | Villager (Male) |
| 25:34 | Create | Villager (Male) |
| 25:35 | Create | Villager (Male) |
| 25:51 | Create | Villager (Male) |
| 25:52 | Create | Villager (Male) |
| 26:02 | Create | Trade Cart |
| 26:11 | Build | Farm |
| 26:26 | Create | Throwing Axeman |
| 26:27 | Create | Throwing Axeman |
| 26:35 | Build | Farm |
| 26:46 | Build | Palisade Gate |
| 26:51 | Build | Palisade Wall |
| 26:55 | Build | Palisade Wall |
| 27:01 | Create | Villager (Male) |
| 29:27 | Create | Villager (Male) |
| 29:27 | Create | Villager (Male) |
| 29:27 | Create | Villager (Male) |
| 29:28 | Create | Villager (Male) |
| 29:28 | Create | Villager (Male) |
| 29:28 | Create | Villager (Male) |
| 30:03 | Create | Villager (Male) |
| 30:03 | Create | Villager (Male) |
| 30:03 | Create | Villager (Male) |
| 30:04 | Create | Villager (Male) |
| 30:04 | Create | Villager (Male) |
| 30:13 | Build | Town Center |
| 30:26 | Build | Palisade Wall |
| 30:57 | Build | Castle |
| 31:12 | Research | Imperial Age |
| 31:23 | Build | Farm |
| 31:26 | Build | Farm |
| 31:31 | Build | Farm |
| 31:37 | Build | Farm |
| 31:44 | Create | Villager (Male) |
| 31:44 | Create | Villager (Male) |
| 31:44 | Create | Villager (Male) |
| 32:01 | Create | Knight |
| 32:02 | Create | Knight |
Build order — Steven
First 150 of 189 actions detected
| 0:05 | Build | House |
| 0:09 | Create | Villager (Male) ×5 |
| 0:10 | Create | Villager (Male) ×5 |
| 0:37 | Build | House |
| 0:39 | Build | House |
| 1:43 | Create | Villager (Male) |
| 2:13 | Build | Mining Camp |
| 2:25 | Create | Villager (Male) |
| 2:25 | Create | Villager (Male) |
| 2:38 | Create | Villager (Male) |
| 2:38 | Create | Villager (Male) |
| 3:29 | Create | Villager (Male) ×2 |
| 3:29 | Create | Villager (Male) ×2 |
| 4:22 | Create | Villager (Male) ×3 |
| 4:22 | Create | Villager (Male) ×3 |
| 4:22 | Create | Villager (Male) ×3 |
| 4:39 | Build | House |
| 4:58 | Build | House |
| 5:05 | Build | Palisade Wall |
| 5:08 | Build | Palisade Wall |
| 5:11 | Build | Palisade Wall |
| 5:24 | Create | Villager (Male) ×3 |
| 6:57 | Build | Mill |
| 7:50 | Create | Villager (Male) ×3 |
| 7:50 | Create | Villager (Male) ×3 |
| 8:07 | Build | Palisade Wall |
| 8:13 | Build | Palisade Wall |
| 8:17 | Build | Palisade Wall |
| 8:21 | Build | Palisade Wall |
| 8:27 | Build | Palisade Wall |
| 8:31 | Build | Palisade Wall |
| 9:31 | Research | Feudal Age |
| 9:31 | Research | Feudal Age |
| 9:52 | Build | House |
| 10:01 | Build | Palisade Wall |
| 10:14 | Build | Lumber Camp |
| 11:19 | Build | Palisade Wall |
| 11:23 | Build | Palisade Wall |
| 11:26 | Create | Villager (Male) ×4 |
| 11:35 | Age | Feudal Age |
| 11:38 | Research | Wheelbarrow |
| 13:05 | Create | Villager (Male) ×2 |
| 13:16 | Research | Double-Bit Axe |
| 13:50 | Build | Palisade Wall |
| 14:18 | Build | Market |
| 14:39 | Build | Blacksmith |
| 14:48 | Build | Palisade Wall |
| 14:52 | Create | Villager (Male) ×3 |
| 15:53 | Build | House |
| 15:59 | Build | Palisade Wall |
| 16:04 | Build | Palisade Wall |
| 16:06 | Build | Palisade Wall |
| 16:11 | Build | Palisade Wall |
| 16:26 | Create | Villager (Male) ×4 |
| 16:40 | Build | Farm |
| 16:40 | Build | Farm |
| 16:40 | Build | Farm |
| 16:41 | Build | Farm |
| 16:41 | Build | Farm |
| 16:41 | Build | Farm |
| 16:41 | Build | Farm |
| 16:42 | Build | Farm |
| 16:42 | Build | Farm |
| 16:44 | Build | Farm |
| 16:48 | Research | Horse Collar |
| 19:20 | Create | Villager (Male) ×5 |
| 19:27 | Build | Palisade Wall |
| 19:31 | Build | Palisade Wall |
| 19:48 | Build | Farm |
| 19:48 | Build | Farm |
| 19:49 | Build | Farm |
| 19:49 | Build | Farm |
| 19:49 | Build | Farm |
| 19:49 | Build | Farm |
| 21:50 | Research | Castle Age |
| 21:50 | Research | Castle Age |
| 22:01 | Build | Palisade Wall |
| 23:35 | Build | Palisade Wall |
| 23:39 | Build | Palisade Wall |
| 23:59 | Build | Palisade Wall |
| 24:15 | Age | Castle Age |
| 24:22 | Research | Hand Cart |
| 24:25 | Research | Bow Saw |
| 24:30 | Create | Villager (Male) ×5 |
| 24:51 | Build | Monastery |
| 25:02 | Build | Town Center |
| 25:19 | Build | House |
| 25:19 | Build | House |
| 25:20 | Build | House |
| 25:21 | Build | House |
| 25:21 | Build | House |
| 25:22 | Build | House |
| 25:22 | Build | House |
| 25:22 | Build | House |
| 25:23 | Build | House |
| 25:23 | Build | House |
| 25:24 | Build | House |
| 25:24 | Build | House |
| 25:24 | Build | House |
| 25:25 | Build | House |
| 25:25 | Build | House |
| 25:25 | Build | House |
| 25:26 | Build | House |
| 26:45 | Create | Villager (Male) ×5 |
| 26:53 | Build | Farm |
| 26:54 | Build | Farm |
| 26:54 | Build | Farm |
| 26:54 | Build | Farm |
| 26:55 | Build | Farm |
| 26:55 | Build | Farm |
| 26:55 | Build | Farm |
| 27:29 | Create | Monk |
| 27:42 | Create | Villager (Male) |
| 27:42 | Create | Villager (Male) |
| 27:46 | Create | Villager (Male) ×5 |
| 29:20 | Build | Barracks |
| 29:49 | Create | Spearman ×5 |
| 30:29 | Build | Farm |
| 30:29 | Build | Farm |
| 30:29 | Build | Farm |
| 30:36 | Create | Villager (Male) ×5 |
| 30:55 | Build | Palisade Gate |
| 31:11 | Research | Heavy Plow |
| 31:22 | Build | Farm |
| 31:30 | Build | Farm |
| 31:30 | Build | Farm |
| 31:48 | Build | Farm |
| 31:58 | Create | Villager (Male) |
| 31:59 | Create | Villager (Male) |
| 32:04 | Build | Farm |
| 32:19 | Research | Pikeman (upgrade) |
| 32:19 | Research | Squires |
| 32:20 | Research | Arson |
| 32:25 | Build | Farm |
| 32:26 | Build | Farm |
| 32:37 | Build | Farm |
| 33:01 | Build | Lumber Camp |
| 33:21 | Create | Villager (Male) ×5 |
| 33:38 | Build | Lumber Camp |
| 34:13 | Build | University |
| 34:21 | Build | Castle |
| 34:30 | Create | Spearman ×5 |
| 35:18 | Research | Imperial Age |
| 35:19 | Research | Imperial Age |
| 35:27 | Build | Mill |
| 35:29 | Build | Farm |
| 35:29 | Build | Farm |
| 35:30 | Build | Farm |
| 35:30 | Build | Farm |
| 35:30 | Build | Farm |
Match timeline
| 5:05 | Steven · wall_segment Palisade Wall x2 |
| 5:08 | Steven · wall_segment Palisade Wall x2 |
| 5:11 | Steven · wall_segment Palisade Wall x3 |
| 8:07 | Steven · wall_segment Palisade Wall x3 |
| 8:13 | Steven · wall_segment Palisade Wall x2 |
| 8:17 | Steven · wall_segment Palisade Wall x2 |
| 8:21 | Steven · wall_segment Palisade Wall x8 |
| 8:27 | Steven · wall_segment Palisade Wall x9 |
| 8:31 | Steven · wall_segment Palisade Wall x9 |
| 9:52 | iBenj · age_up feudal |
| 9:56 | Thognar · first_building Barracks |
| 10:01 | Steven · wall_segment Palisade Wall x10 |
| 10:33 | Glorfinda · age_up feudal |
| 10:56 | Thognar · age_up feudal |
| 11:09 | Thognar · first_building Stable |
| 11:19 | Steven · wall_segment Palisade Wall x10 |
| 11:23 | Steven · wall_segment Palisade Wall x8 |
| 11:35 | Steven · age_up feudal |
| 12:36 | iBenj · wall_segment Palisade Wall x7 |
| 13:50 | Steven · wall_segment Palisade Wall x8 |
| 14:05 | Glorfinda · first_building Barracks |
| 14:48 | Steven · wall_segment Palisade Wall x9 |
| 15:02 | iBenj · first_building Barracks |
| 15:16 | Glorfinda · first_building Archery Range |
| 15:27 | Thognar · age_up castle |
| 15:46 | iBenj · wall_segment Palisade Wall x3 |
| 15:51 | iBenj · wall_segment Palisade Wall x4 |
| 15:54 | iBenj · wall_segment Palisade Wall x5 |
| 15:59 | Steven · wall_segment Palisade Wall x5 |
| 16:04 | Steven · wall_segment Palisade Wall x1 |
| 16:06 | Steven · wall_segment Palisade Wall x5 |
| 16:11 | Steven · wall_segment Palisade Wall x4 |
| 16:15 | Glorfinda · first_building Stable |
| 16:59 | iBenj · age_up castle |
| 18:33 | iBenj · wall_segment Palisade Wall x5 |
| 18:36 | iBenj · wall_segment Palisade Wall x4 |
| 19:27 | Steven · wall_segment Palisade Wall x10 |
| 19:30 | iBenj · first_building Castle |
| 19:31 | Steven · wall_segment Palisade Wall x10 |
| 19:43 | Glorfinda · age_up castle |
| 20:56 | iBenj · wall_segment Palisade Wall x3 |
| 20:58 | iBenj · wall_segment Palisade Wall x3 |
| 21:05 | iBenj · wall_segment Palisade Wall x5 |
| 22:01 | Steven · wall_segment Palisade Wall x6 |
| 22:22 | iBenj · first_building Monastery |
| 23:30 | iBenj · wall_segment Palisade Wall x11 |
| 23:34 | iBenj · wall_segment Palisade Wall x7 |
| 23:35 | Steven · wall_segment Palisade Wall x6 |
| 23:39 | Steven · wall_segment Palisade Wall x7 |
| 23:59 | iBenj · wall_segment Palisade Wall x13 |
| 23:59 | Steven · wall_segment Palisade Wall x4 |
| 24:15 | Steven · age_up castle |
| 24:18 | Thognar · first_building Castle |
| 24:51 | Steven · first_building Monastery |
| 24:58 | iBenj · first_building Stable |
| 26:51 | iBenj · wall_segment Palisade Wall x4 |
| 26:55 | iBenj · wall_segment Palisade Wall x6 |
| 27:19 | Glorfinda · first_building Castle |
| 28:18 | Thognar · first_building Monastery |
| 29:20 | Steven · first_building Barracks |
| 29:37 | Glorfinda · first_building Monastery |
| 30:26 | iBenj · wall_segment Palisade Wall x9 |
| 30:46 | iBenj · first_market_buy 100 stone |
| 30:55 | Thognar · age_up imperial |
| 31:00 | Thognar · first_building Siege Workshop |
| 34:21 | Steven · first_building Castle |
| 34:42 | iBenj · age_up imperial |
| 35:29 | Glorfinda · age_up imperial |
| 36:16 | Steven · first_building Stable |
| 37:53 | Thognar · first_market_sell 500 wood |
| 38:03 | Steven · age_up imperial |
| 41:16 | Steven · resign |
[ AI ANALYSIS · 1 CREDIT ]
What really happened in this match?
Wolo.gg analyzes every decision: build order, eco, micro, common mistakes by bracket. Personalized analysis on WhatsApp or Discord in 30 seconds.
Civ guide
Persians
Map guide
Mountain Dunes
Perfil
Jugador #6311227